 Dungeon Crawl Stone Soup version 0.18-a0-1562-gac8da35 (webtiles) character file.

1638937 Yakui the Conqueror (level 27, 262/262 (273) HPs)
             Began as a Minotaur Gladiator on Dec 19, 2015.
             Was the Champion of Ru.
             Escaped with the Orb
             ... and 3 runes on Mar 13, 2016!
             The game lasted 08:36:00 (80927 turns).

Yakui the Conqueror (Minotaur Gladiator)           Turns: 80927, Time: 08:36:00

HP:   262/262 (273) AC: 41    Str: 24    XL:     27
MP:   30/30         EV: 22    Int:  6    God:    Ru [******]
Gold: 6810          SH: 12    Dex: 22    Spells: 0 memorised, 26 levels left

rFire  + + .     SeeInvis +     h - +8 mithril axe "Arga" {speed, MR+ Str+2}
rCold  + + .     Gourm    .     J - +9 gold dragon armour
rNeg   + . .     Faith    .     B - +1 buckler {reflect}
rPois  +         Spirit   .     c - +1 hat
rElec  +         Dismiss  .     L - +0 cloak of the Countless Beds {+Blink rC+ Int+3}
rCorr  .         Reflect  +     n - +0 pair of gloves "Ubratwix" {rElec rF++ Int-2 Slay+5}
SustAt .         Harm     .     o - +0 pair of boots {run}
MR     ++++.     Rnd*Rage +     G - amulet of regeneration
Stlth  ..........               M - ring "Vidic" {rC+ rN+}
                                y - ring of see invisible

@: very slightly contaminated, quick, incredibly resistant to hostile
enchantments, extremely unstealthy
A: retaliatory headbutt, horns 2, large bone plates 1, molten scales 1, berserk
1, magic resistance 1, hated by all, no conjurations magic, no earth magic, no
necromancy magic, unskilled 1, temperature sensitive
a: Draw Out Power, Power Leap, Apocalypse, Renounce Religion, Evoke Blink
0: Orb of Zot
}: 3/15 runes: decaying, serpentine, silver


You escaped.
You worshipped Ru.
Ru was exalted by your worship.
You were not hungry.

You visited 11 branches of the dungeon, and saw 58 of its levels.
You also visited: Ossuary and Ice Cave.

You collected 7860 gold pieces.
You spent 1050 gold pieces at shops.

Inventory:

Hand Weapons
 h - the +8 mithril axe "Arga" (weapon) {speed, MR+ Str+2}
   (You took it off a fire giant on level 5 of the Vaults)

   Attacks with this weapon are significantly faster.
   It affects your strength (+2).
   It affects your resistance to hostile enchantments.
 Q - the +11 war axe "Amefiut" {holy, +Inv rElec MR- MP+9}
   (You found it on level 1 of the Lair of Beasts)

   It has been blessed by the Shining One to cause great damage to the undead
   and demons.
   It insulates you from electricity.
   It affects your resistance to hostile enchantments.
   It affects your magic capacity (+9).
   It lets you turn invisible.
Missiles
 d - 13 throwing nets (quivered)
Armour
 c - a +1 hat (worn)
 n - the +0 pair of gloves "Ubratwix" (worn) {rElec rF++ Int-2 Slay+5}
   (You acquired it on level 2 of the Realm of Zot)

   It affects your intelligence (-2).
   It affects your accuracy and damage with ranged weapons and melee attacks
   (+5).
   It greatly protects you from fire.
   It insulates you from electricity.
 o - a +0 pair of boots of running (worn)
 B - a +1 buckler of reflection (worn)
 J - a +9 gold dragon armour (worn)
 L - the +0 cloak of the Countless Beds (worn) {+Blink rC+ Int+3}
   (You acquired it on level 8 of the Dungeon)

   It affects your intelligence (+3).
   It protects you from cold.
   It lets you blink.
 Y - the +0 pair of boots "Hiseo" {*Corrode Dex+5 Slay+2}
   (You found it on level 5 of the Realm of Zot)

   It affects your dexterity (+5).
   It affects your accuracy and damage with ranged weapons and melee attacks
   (+2).
   It may corrode your equipment when you take damage.
Jewellery
 s - an uncursed ring of protection from magic
 v - an uncursed ring of protection from fire
 y - a ring of see invisible (left hand)
 C - the ring of Rixkyox {rElec rN+}
   (You took it off an ancient champion on level 3 of the Crypt)

   [ring of positive energy]

   It insulates you from electricity.
   It protects you from negative energy.
 G - an amulet of regeneration (around neck)
 I - the ring of Xuoj {rN+ Dex+4}
   (You took it off a skeletal warrior on level 3 of the Crypt)

   [ring of positive energy]

   It affects your dexterity (+4).
   It protects you from negative energy.
 M - the ring "Vidic" (right hand) {rC+ rN+}
   (You found it on level 3 of the Crypt)

   [ring of positive energy]

   It protects you from cold.
   It protects you from negative energy.
Wands
 K - a wand of slowing (37/48)
 R - a wand of heal wounds (4/9)
 S - a wand of digging (13/24)
 T - a wand of teleportation (3/9)
Scrolls
 g - 15 scrolls of teleportation {probably tele}
 k - 3 scrolls of brand weapon
 l - 11 scrolls of enchant weapon
 r - 18 scrolls of remove curse
 x - 3 scrolls of fog
 z - 9 scrolls of fear
 H - 2 scrolls of magic mapping
 O - 19 scrolls of identify
 U - 8 scrolls of blinking
 V - a scroll of holy word
 X - a scroll of silence
 Z - 2 scrolls of recharging
Potions
 a - 6 potions of agility
 e - 5 potions of ambrosia
 i - 7 potions of might
 j - a potion of berserk rage
 m - a potion of cure mutation
 p - 5 potions of invisibility
 q - 15 potions of heal wounds
 t - 6 potions of haste
 u - 5 potions of magic
 w - 25 potions of curing
 A - 8 potions of flight
 E - 8 potions of brilliance
 F - 6 potions of resistance
 N - 2 potions of cancellation
 P - 4 potions of lignification
Comestibles
 f - 36 bread rations
 D - 2 beef jerkies
 W - 22 meat rations


   Skills:
 O Level 27 Fighting
 + Level 25.4 Axes
 - Level 1.7 Throwing
 - Level 20.0 Armour
 + Level 24.4 Dodging
 - Level 8.0 Stealth
 - Level 16.0 Shields
 - Level 11.0 Evocations


You had 26 spell levels left.
You didn't know any spells.

Dungeon Overview and Level Annotations

Branches:
Dungeon (15/15)            Temple (0/1) D:4            Lair (8/8) D:11
  Swamp (4/4) Lair:3        Snake (4/4) Lair:5        Slime (4/6) Lair:8
    Orc (2/2) D:10            Elf (3/3) Orc:2        Vaults (5/5) D:13
  Crypt (3/3) Vaults:3       Tomb (0/3) Crypt:3      Depths (5/5) D:15
    Zot (5/5) Depths:5

Altars:
Cheibriados
Dithmenos
Elyvilon
Fedhas
Gozag
Kikubaaqudgha
Makhleb
Nemelex Xobeh
Okawaru
Pakellas
Qazlal
Ru
Trog
Xom
Yredelemnul
Zin
Beogh
Jiyva

Shops:
D:4 }   D:9 ?=?}(   D:10 =   D:13 [}%   D:15 *   Orc:2 *!((   Elf:3 ?![(=
Depths:4 [

Portals:
Hell: Depths:1 Depths:2 Depths:3 Depths:4 Depths:5
Abyss: Depths:4
Pandemonium: Depths:3 Depths:5
Ziggurat: Depths:1

Annotations:
D:8 exclusion: downstairs
Swamp:2 Nikola
Snake:2 Vashnia
Depths:1 exclusion: downstairs
Depths:5 exclusion: obsidian statue


Innate Abilities, Weirdness & Mutations

You reflexively headbutt those who attack you in melee.
You have a pair of horns on your head.
You are hated by all.
You cannot study or cast Conjurations magic.
You cannot study or cast Earth magic.
You cannot study or cast Necromancy magic.
You are somewhat unskilled (-1 Apt).
You are sensitive to extremes of temperature (rF-, rC-).
You are partially covered in large bone plates (AC +2, SH +2).
You are partially covered in molten scales (AC +1).
You tend to lose your temper in combat.
You are resistant to hostile enchantments.


Message History

The chaos spawn buzzes angrily.
The chaos spawn moves out of view.
There is an open door here.
You closely miss the chaos spawn. Your headbutt misses the chaos spawn.
The chaos spawn completely misses you. You furiously retaliate!
You headbutt the chaos spawn, but do no damage.
A neqoxec comes into view.
You slice the chaos spawn!!
The chaos spawn is severely wounded.
You slash the chaos spawn!
You kill the chaos spawn!
The chaos spawn degenerates into a cloud of primal chaos!
Really walk into that cloud of seething chaos? [Y]es or [N]o only, please.
Really walk into that cloud of seething chaos?
Okay, then.
There is a staircase leading out of the dungeon here.
The neqoxec gestures at you.
Something tries to feed on your intellect!
You have escaped!

.....................#
..##.#######.#######.#
...#.# #.........#
##'#.# #.........#
.....# #.........#
.....# #...###...#
.....# #..##.##..#
###.># #..#...#..#
.###.# #..3.@.'..# .#
#.# #..#...#..# .# #.#
#..##.##.(# .# #.#
#...###.(.#
.###.#######.........#
.#...................#
.#.#.#####...........#
##.#.# #....)......#
#.#.#####.###########


You could see a neqoxec.

Vanquished Creatures
  4 orbs of fire
  Mara (Depths:1)
  10 ancient liches
  A greater mummy (Depths:3)
  Sojobo (Vaults:4)
  Boris (twice) (Vaults:4 Depths:5)
  Frederick (Depths:1)
  Margery (Vaults:4)
  Norris (Depths:3)
  5 Killer Klowns
  2 curse toes
  Saint Roka (Depths:3)
  10 golden dragons
  The ghost of Ratboiler the Ninja, a veteran FeWn of Dithmenos (Zot:5)
  Xtahua (Vaults:4)
  3 bone dragons
  7 electric golems
  16 tentacled monstrosities
  Rupert (Depths:1)
  28 Orb Guardians
  Jorgrun (Crypt:2)
  2 deep elf blademasters
  6 titans
  2 deep elf master archers (Elf:3)
  3 liches
  A sphinx (Depths:3)
  6 acid blobs
  10 death cobs
  Frances (Swamp:1)
  2 thorn hunters
  10 greater nagas
  5 tengu reavers
  7 ancient champions
  An azure jelly (Slime:4)
  7 storm dragons
  Donald (Slime:1)
  4 shadow dragons
  2 iron dragons (Zot:3)
  7 draconian monks
  3 revenants
  6 draconian scorchers
  Wiglaf (Depths:1)
  10 fire giants
  5 frost giants
  A fire giant (shapeshifter) (Vaults:5)
  A juggernaut zombie (Depths:4)
  4 draconian knights
  3 deep elf sorcerers
  6 ghost moths
  Aizul (Snake:1)
  14 vault wardens
  A caustic shrike zombie (Depths:4)
  A curse skull (Crypt:1)
  4 draconian zealots
  5 draconian shifters (Zot:2)
  2 deep elf elementalists
  6 ghouls
  A reaper (Depths:3)
  23 stone giants
  6 draconian annihilators
  13 ironheart preservers
  A caustic shrike skeleton (Crypt:2)
  5 spriggan defenders
  9 deep elf demonologists
  4 war gargoyles
  19 very ugly things
  9 vampire knights
  2 salamander stormcallers
  10 green draconians
  10 purple draconians
  10 black draconians
  6 mottled draconians
  Azrael (Elf:1)
  12 red draconians
  9 deep elf annihilators
  14 white draconians
  2 spark wasps (Depths:4)
  6 yellow draconians
  7 eidola
  A spark wasp (shapeshifter) (Vaults:4)
  29 vault guards
  A death ooze (Slime:1)
  9 deep elf death magi
  A quicksilver dragon zombie (Depths:4)
  A merfolk impaler (Depths:2)
  A mummy priest (Crypt:3)
  9 jiangshi (Crypt:2)
  2 entropy weavers
  8 ettins
  20 fire dragons
  2 deep elf high priests
  15 ice dragons
  8 great orbs of eyes
  12 yaktaur captains
  A quicksilver dragon skeleton (Crypt:3)
  6 rakshasas
  18 naga warriors
  3 ghost crabs
  5 centaur warriors
  19 hydras
  A spriggan air mage (Depths:2)
  3 catoblepae
  A death knight (Crypt:3)
  6 anacondas
  24 dancing weapons
  12 ogre magi
  5 deep troll shamans
  A queen ant (shapeshifter) (Depths:3)
  25 death yaks
  2 deep troll earth magi (Depths:5)
  7 shock serpents
  A queen ant (Lair:2)
  11 tengu warriors
  10 naga sharpshooters
  5 vampire magi
  2 alligators
  A titan zombie (Depths:2)
  7 spriggan berserkers
  17 deep elf knights
  3 titan skeletons
  7 hell knights
  4 orc high priests
  5 soul eaters (Depths:5)
  A salamander mystic (Snake:4)
  A golden dragon zombie (Crypt:3)
  2 iron trolls
  52 skeletal warriors
  3 fire crabs
  A sea snake (Snake:2)
  2 death drakes (Depths:5)
  5 shadow wraiths
  6 hill giants
  6 unseen horrors
  9 flayed ghosts
  3 giant orange brains
  36 deep trolls
  11 orc knights
  An anaconda zombie (Crypt:2)
  2 shadow dragon zombies
  15 deep elf archers
  4 shambling mangroves
  A golden dragon skeleton (Crypt:3)
  Pikel (D:2)
  4 wizards
  A sphinx zombie (Depths:4)
  13 swamp dragons
  21 mana vipers
  15 naga ritualists
  13 ironbrand convokers
  2 anaconda skeletons (Crypt:3)
  An orb spider (shapeshifter) (Vaults:2)
  54 deep elf magi
  6 lindwurms
  7 necromancers
  A griffon (shapeshifter) (Vaults:1)
  An iron dragon zombie (Crypt:2)
  A wolf spider (Vaults:1)
  A wolf spider (shapeshifter) (Depths:2)
  15 phantasmal warriors
  3 orc sorcerers
  83 ugly things
  A fire giant zombie (Depths:2)
  7 hornets
  109 slime creatures
  A frost giant zombie (Depths:4)
  A manticore (shapeshifter) (D:15)
  10 harpies
  A manticore (D:14)
  16 salamanders
  3 griffons
  14 elephants
  15 cyclopes
  A moth of wrath (shapeshifter) (Vaults:5)
  A stone giant skeleton (Crypt:3)
  14 naga magi
  A spriggan zombie (Depths:4)
  43 black mambas
  Maurice (D:9)
  27 moths of wrath
  A guardian serpent (shapeshifter) (Depths:5)
  2 rust devils
  4 sixfirhies
  An iron dragon skeleton (Crypt:3)
  4 torpor snails
  2 fire giant skeletons (Crypt:3)
  17 vault sentinels
  6 guardian serpents (Snake:4)
  3 frost giant skeletons (Crypt:3)
  A dire elephant skeleton (Crypt:3)
  A shock serpent skeleton (Crypt:3)
  2 gargoyles
  An eye of devastation (Slime:3)
  3 orange demons
  5 spectral swamp worms (Depths:2)
  An eye of devastation (shapeshifter) (Vaults:4)
  An alligator snapping turtle skeleton (Crypt:3)
  2 redback zombies
  14 spiny frogs
  A yaktaur (shapeshifter) (Depths:3)
  A demonic crawler (Zot:2)
  5 trolls
  13 guardian mummies
  An efreet (D:15)
  8 kobold demonologists
  A red devil (Depths:5)
  31 yaktaurs
  A pale draconian skeleton (Crypt:3)
  10 tengu conjurers
  7 freezing wraiths
  5 ice devils
  5 komodo dragons
  3 polar bears
  A jumping spider (Depths:1)
  A yellow draconian skeleton (Crypt:2)
  5 giant leeches
  6 rime drakes
  Prince Ribbit (D:5)
  A wind drake (shapeshifter) (D:15)
  2 trolls (shapeshifter)
  Grinder (D:3)
  2 hornet zombies
  13 bog bodies
  2 spectral guardian serpents (Crypt:1)
  3 wind drakes (Depths:5)
  A harpy skeleton (Crypt:1)
  16 blink frogs
  18 two-headed ogres
  3 small abominations (Depths:4)
  2 hydra skeletons (Crypt:3)
  2 boulder beetles (Vaults:4)
  A removed MONS_TRAPDOOR_SPIDER (D:15)
  A two-headed ogre (shapeshifter) (Depths:3)
  A fire giant simulacrum (Vaults:1)
  15 flying skulls
  7 wraiths
  2 air elementals
  Sigmund (D:5)
  3 ettin skeletons (Crypt:3)
  9 large abominations
  A wyvern (D:12)
  25 yaks
  8 redbacks
  3 spriggans
  A centaur simulacrum (D:12)
  5 shadows
  A ynoxinul (Zot:3)
  A hog (D:7)
  4 golden eyes (Slime:1)
  5 water elementals
  Eustachio (D:4)
  A fire dragon skeleton (Crypt:3)
  3 basilisks
  A basilisk (shapeshifter) (Vaults:2)
  8 hippogriffs
  A neqoxec (D:2)
  Grum (D:9)
  4 fire elementals
  A human (D:7)
  22 swamp worms
  44 vampire mosquitoes
  3 chaos spawn
  54 nagas
  8 wargs
  5 insubstantial wisps (Swamp:2)
  3 mottled dragons
  25 wolves
  40 orc warriors
  6 soldier ants
  A merfolk zombie (Crypt:2)
  16 swamp drakes
  4 hungry ghosts
  4 porcupines
  15 water moccasins
  A black bear (shapeshifter) (Vaults:2)
  4 hell hounds (Elf:1)
  Duvessa (D:4)
  An eye of draining (shapeshifter) (Vaults:1)
  3 necrophages (Crypt:2)
  9 ice beasts
  5 wasps
  3 black bears
  3 phantoms
  8 centaurs
  5 sky beasts
  4 eyes of draining
  4 slaves (D:4)
  A swamp dragon skeleton (Crypt:3)
  19 crocodiles
  A manticore skeleton (Crypt:3)
  14 boggarts
  2 snapping turtle skeletons (Crypt:3)
  A draconian zombie (Crypt:3)
  58 ogres
  An elf zombie (D:9)
  11 big kobolds
  An earth elemental (Elf:2)
  19 giant frogs
  The ghost of tof the Covert, an amateur SpAs (D:3)
  Blork the orc (D:3)
  2 gnoll sergeants (D:12)
  A glowing shapeshifter simulacrum (Vaults:5)
  Dowan (D:4)
  A salamander skeleton (Crypt:2)
  A water moccasin skeleton (Crypt:1)
  An elf skeleton (D:9)
  2 wyvern skeletons
  3 scorpions
  9 killer bees
  2 human simulacra
  11 electric eels
  A spriggan skeleton (Crypt:1)
  25 wights
  11 crimson imps
  2 wolf skeletons (Crypt:1)
  A centaur zombie (Ossuary)
  2 giant frog zombies
  14 jellies
  A gnoll shaman (Orc:1)
  Crazy Yiuf (D:5)
  4 giant frog skeletons
  36 orc priests
  4 human skeletons
  6 iguanas
  3 iron imps (Depths:5)
  A basilisk skeleton (Crypt:1)
  10 centaur skeletons
  5 human zombies
  31 orc wizards
  Ijyb (D:3)
  3 hounds
  2 hell rats (Lair:2)
  13 worker ants
  30 sheep
  3 big kobold zombies
  An ogre zombie (D:9)
  A demigod skeleton (Crypt:3)
  2 hound zombies
  2 hound skeletons
  A worker ant zombie (D:11)
  17 mummies
  Robin (D:4)
  14 gnolls
  17 adders
  A river rat (shapeshifter) (Vaults:5)
  28 river rats
  7 shadow imps
  2 white imps (Depths:5)
  An ooze (D:1)
  3 adder zombies (Ossuary)
  2 adder skeletons
  A halfling skeleton (Crypt:2)
  2 worms
  6 giant geckos
  100 orcs
  A bat zombie (Crypt:3)
  4 giant cockroaches
  15 goblins
  10 hobgoblins
  5 jackals
  49 kobolds
  5 quokkas
  3 ball pythons
  9 bats
  6 giant newts
  4 goblin zombies (Ossuary)
  3 hobgoblin zombies (Ossuary)
  7 jackal zombies (Ossuary)
  3 kobold zombies (Ossuary)
  An orc skeleton (Crypt:3)
  3 quokka skeletons
  3 quokka zombies
  8 rats
  4 rat zombies (Ossuary)
  A river rat skeleton (Crypt:2)
  11 fungi
  12 plants
2838 creatures vanquished.

Vanquished Creatures (others)
  An ancient lich (Vaults:4)
  An acid blob (Slime:1)
  2 tengu reavers
  A thorn hunter (Swamp:3)
  A greater naga (Snake:4)
  A draconian scorcher (Depths:5)
  A vault warden (Vaults:4)
  A deep elf elementalist (Elf:3)
  A draconian zealot (Zot:2)
  A draconian annihilator (Depths:5)
  An ironheart preserver (Vaults:4)
  A war gargoyle (Vaults:2)
  A salamander stormcaller (Vaults:4)
  A stone giant (Vaults:4)
  A vampire knight (Depths:3)
  A purple draconian (Zot:1)
  A blizzard demon (Depths:5)
  2 ettins (Depths:3)
  A fire dragon (Depths:2)
  A deep elf death mage (Elf:3)
  A great orb of eyes (Depths:2)
  A yaktaur captain (Vaults:2)
  An entropy weaver (Depths:4)
  4 ice dragons
  A naga warrior (Snake:4)
  A dancing weapon (Elf:2)
  5 centaur warriors
  A death yak (Lair:7)
  A deep troll shaman (Depths:3)
  2 naga sharpshooters
  A skeletal warrior (Crypt:3)
  2 deep elf knights (Elf:1)
  An unseen horror (shapeshifter) (Vaults:5)
  3 deep elf archers
  A wolf spider (Vaults:1)
  An orc knight (Vaults:1)
  A mana viper (Snake:3)
  2 deep elf magi
  A griffon (Vaults:2)
  An ugly thing (Depths:4)
  2 slime creatures
  A guardian serpent (Snake:4)
  4 yaktaurs
  A wind drake (shapeshifter) (Depths:1)
  A blink frog (Lair:5)
  A boulder beetle (Vaults:2)
  A two-headed ogre (D:14)
  A yak (D:12)
  A vampire mosquito (Vaults:2)
  A fire elemental (Elf:1)
  A water moccasin (Lair:5)
  3 swamp worms
  A hell hound (Elf:1)
  2 nagas
  3 orc warriors
  A blink frog skeleton (Crypt:1)
  2 ogres
  A centaur (D:13)
  2 crimson imps
  2 orc priests
  A wasp zombie (D:10)
  A worker ant (Lair:2)
  A river rat (Lair:8)
  An ufetubus (Zot:1)
  5 orcs
  A gnoll zombie (Ossuary)
  3 kobolds
  A bush (Lair:8)
  23 fungi
  6 lost souls
  14 plants
143 creatures vanquished.

Grand Total: 2981 creatures vanquished

Notes
Turn   | Place    | Note
--------------------------------------------------------------
     0 | D:1      | Yakui the Minotaur Gladiator began the quest for the Orb.
     0 | D:1      | Reached XP level 1. HP: 18/18 MP: 0/0
   173 | D:1      | Reached XP level 2. HP: 25/25 MP: 1/1
   485 | D:1      | Reached skill level 5 in Axes
   656 | D:1      | Reached XP level 3. HP: 28/30 MP: 2/2
   846 | D:2      | Found a faded altar to an unknown god.
   977 | D:2      | Found a sacrificial altar of Ru.
  1426 | D:2      | Became a worshipper of Ru the Awakened
  1459 | D:3      | Reached XP level 4. HP: 37/37 MP: 3/3
  1498 | D:3      | Found an iron altar of Okawaru.
  1578 | D:3      | Noticed Grinder
  1594 | D:3      | Killed Grinder
  1594 | D:3      | Reached XP level 5. HP: 11/42 MP: 4/4
  1594 | D:3      | Reached XP level 6. HP: 13/50 MP: 5/5
  1688 | D:3      | Noticed tof's ghost (amateur SpAs)
  1817 | D:3      | Killed tof's ghost
  2066 | D:3      | Noticed Ijyb
  2076 | D:3      | Killed Ijyb
  2315 | D:4      | Noticed Pikel
  2349 | D:4      | Found an oddly glowing altar of Pakellas.
  2366 | D:4      | Noticed Blork the orc
  2385 | D:3      | Killed Blork the orc
  2782 | D:3      | Reached XP level 7. HP: 56/56 MP: 6/6
  2864 | D:4      | Noticed Duvessa
  2938 | D:4      | Noticed Dowan
  2948 | D:4      | Killed Duvessa
  2948 | D:4      | Reached skill level 10 in Axes
  2952 | D:4      | Killed Dowan
  3085 | D:4      | Found a staircase to the Ecumenical Temple.
  3238 | D:4      | Noticed Eustachio
  3477 | D:2      | Killed Pikel
  3477 | D:2      | Reached skill level 5 in Fighting
  3477 | D:2      | Reached skill level 5 in Dodging
  3477 | D:2      | Reached XP level 8. HP: 46/68 MP: 7/7
  3632 | D:4      | Killed Eustachio
  3657 | D:4      | Noticed Robin
  3672 | D:4      | Killed Robin
  4137 | D:4      | Gained mutation: You are sensitive to extremes of temperature (rF-, rC-). [Ru sacrifice]
  4137 | D:4      | Reached * piety under Ru
  4137 | D:4      | Reached ** piety under Ru
  4137 | D:4      | Reached *** piety under Ru
  4271 | D:4      | Found Zaovey's Gadget Boutique.
  4293 | D:5      | Entered Level 5 of the Dungeon
  4420 | D:5      | Noticed Prince Ribbit
  4493 | D:5      | Noticed Sigmund
  4508 | D:5      | Found a stormy altar of Qazlal.
  4722 | D:4      | Reached XP level 9. HP: 10/75 MP: 8/8
  5073 | D:5      | Killed Sigmund
  5283 | D:5      | Found a blossoming altar of Fedhas.
  5535 | D:5      | Noticed Crazy Yiuf
  5540 | D:5      | Killed Crazy Yiuf
  5627 | D:5      | Killed Prince Ribbit
  6676 | D:6      | Found a shimmering altar of Xom.
  7159 | D:7      | Gained mutation: You cannot study or cast Earth magic. [Ru sacrifice]
  7159 | D:7      | Gained mutation: You cannot study or cast Necromancy magic. [Ru sacrifice]
  7159 | D:7      | Gained mutation: You cannot study or cast Conjurations magic. [Ru sacrifice]
  7159 | D:7      | Reached **** piety under Ru
  7521 | D:7      | Found a shadowy altar of Dithmenos.
  7674 | D:8      | Found a snail-covered altar of Cheibriados.
  7685 | D:8      | Found an opulent altar of Gozag.
  7760 | D:8      | Found an iron altar of Okawaru.
  7760 | D:8      | Found a shadowy altar of Dithmenos.
  7794 | D:8      | Reached XP level 10. HP: 84/88 MP: 9/9
  7915 | D:8      | Found a sparkling altar of Nemelex Xobeh.
  8096 | D:8      | Found a sand-covered staircase.
  8100 | Ossuary  | Entered an ossuary
  8362 | D:8      | Identified 4 scrolls of acquirement
  8375 | D:8      | Got a spiked cloak
  8381 | D:8      | Identified the +0 cloak of the Countless Beds {+Blink rC+ Int+3} (You acquired it on level 8 of the Dungeon)
  8391 | D:8      | Identified a +0 pair of boots of running (You acquired it on level 8 of the Dungeon)
  8861 | D:8      | Gained mutation: You are partially covered in large bone plates (AC +2, SH +2). [potion of mutation]
  8861 | D:8      | Gained mutation: Scrolls take you a little longer to read. [potion of mutation]
  8861 | D:8      | Gained mutation: You are resistant to hostile enchantments. [potion of mutation]
  8950 | D:9      | Reached skill level 1 in Shields
  9014 | D:9      | Gained mutation: You are hated by all. [Ru sacrifice]
  9014 | D:9      | Reached ***** piety under Ru
  9019 | D:9      | Noticed an ice dragon
  9069 | D:9      | Found Nunt's Magic Scroll Emporium.
  9078 | D:9      | Found Cumoc's Magic Scroll Shoppe.
  9079 | D:9      | Noticed Maurice
  9103 | D:9      | Found Olea's Gadget Shoppe.
  9117 | D:9      | Found Lanisef's Weapon Boutique.
  9293 | D:9      | Killed Maurice
  9389 | D:9      | Noticed Grum
  9396 | D:9      | Reached skill level 5 in Shields
  9400 | D:9      | Killed Grum
  9401 | D:9      | Found a shimmering altar of Xom.
  9422 | D:9      | Found a white marble altar of Elyvilon.
  9569 | D:9      | Found Cojaf's Jewellery Shop.
  9610 | D:9      | Found a basalt altar of Yredelemnul.
  9819 | D:9      | Found a burning altar of Makhleb.
  9822 | D:9      | Found a glowing silver altar of Zin.
  9822 | D:9      | Noticed an angel
  9823 | D:9      | Noticed a green death
 10639 | D:10     | Entered Level 10 of the Dungeon
 10724 | D:10     | Noticed a deep elf mage
 10746 | D:10     | Killed a deep elf mage
 10746 | D:10     | Reached XP level 11. HP: 95/95 MP: 10/10
 10752 | D:10     | Found a staircase to the Orcish Mines.
 10996 | D:10     | Reached skill level 1 in Evocations
 11139 | D:10     | Found Jiggiopi's Jewellery Emporium.
 11214 | D:10     | Gained mutation: You are somewhat unskilled (-1 Apt). [Ru sacrifice]
 11214 | D:10     | Reduced skill Throwing to level 1
 11214 | D:10     | Reached ****** piety under Ru
 11626 | D:11     | Found a staircase to the Lair.
 11833 | D:11     | Noticed a hill giant
 11851 | D:11     | Killed a hill giant
 12288 | D:11     | Noticed a six-headed hydra
 12452 | Lair:1   | Entered Level 1 of the Lair of Beasts
 12471 | Lair:1   | Gained mutation: Scrolls take you longer to read. [potion of mutation]
 12471 | Lair:1   | Gained mutation: Your natural rate of healing is unusually fast. [potion of mutation]
 12471 | Lair:1   | Gained mutation: You are highly resistant to hostile enchantments. [potion of mutation]
 12572 | Lair:1   | Got a fine war axe
 12588 | Lair:1   | Identified the +11 war axe "Amefiut" {holy, +Inv rElec MR- MP+9} (You found it on level 1 of the Lair of Beasts)
 12695 | Lair:1   | Gained mutation: You expend magic power (3 MP) to strengthen your wands. [potion of mutation]
 12695 | Lair:1   | Gained mutation: You tend to lose your temper in combat. [potion of mutation]
 12695 | Lair:1   | Gained mutation: You are weak. (Str -2) [potion of mutation]
 12696 | Lair:1   | Lost mutation: Scrolls take you longer to read. [potion of cure mutation]
 12696 | Lair:1   | Lost mutation: You tend to lose your temper in combat. [potion of cure mutation]
 12696 | Lair:1   | Lost mutation: Your natural rate of healing is unusually fast. [potion of cure mutation]
 12696 | Lair:1   | Lost mutation: You expend magic power (3 MP) to strengthen your wands. [potion of cure mutation]
 12696 | Lair:1   | Lost mutation: You are weak. (Str -2) [potion of cure mutation]
 12696 | Lair:1   | Lost mutation: Scrolls take you a little longer to read. [potion of cure mutation]
 13477 | Lair:2   | Noticed a queen ant
 13486 | Lair:2   | Killed a queen ant
 13646 | Lair:2   | Found a frozen archway.
 13653 | Lair:2   | Reached XP level 12. HP: 105/105 MP: 13/13
 13668 | Lair:2   | Reached skill level 10 in Shields
 13694 | IceCv    | Entered an ice cave
 14071 | Lair:2   | Reached skill level 10 in Fighting
 14974 | Lair:3   | Found a staircase to the Swamp.
 15072 | Lair:3   | Noticed a four-headed hydra
 15083 | Lair:3   | Killed a one-headed hydra
 15632 | Lair:4   | Noticed a seven-headed hydra
 15641 | Lair:4   | Killed a three-headed hydra
 16553 | Lair:5   | Reached skill level 15 in Axes
 16654 | Lair:5   | Found a staircase to the Snake Pit.
 16817 | Lair:5   | Reached XP level 13. HP: 103/116 MP: 14/14
 19574 | Lair:8   | Entered Level 8 of the Lair of Beasts
 20885 | Lair:8   | Found a snail-covered altar of Cheibriados.
 20910 | Lair:8   | Found a viscous altar of Jiyva.
 20910 | Lair:8   | Found a staircase to the Slime Pits.
 20920 | Lair:8   | Reached XP level 14. HP: 94/125 MP: 15/15
 21525 | Lair:8   | Got a distressingly furry robe
 21536 | Lair:8   | Identified the +1 robe "Elabifae" {Dex+4} (You found it on level 8 of the Lair of Beasts)
 21657 | Lair:8   | Reached skill level 15 in Shields
 22903 | Lair:4   | Reached skill level 5 in Evocations
 23042 | Orc:1    | Entered Level 1 of the Orcish Mines
 23043 | Orc:1    | Upgraded the game from 0.18-a0-844-g9229740 to 0.18-a0-846-g91b95b1
 23460 | Orc:1    | Found a roughly hewn altar of Beogh.
 23517 | Orc:1    | Reached skill level 1 in Stealth
 23783 | Orc:2    | Entered Level 2 of the Orcish Mines
 23889 | Orc:2    | Found a staircase to the Elven Halls.
 24347 | Orc:2    | Gained mutation: You are partially covered in molten scales (AC +1). [a neqoxec]
 24973 | Orc:2    | Found Ybaty's Antique Weapon Emporium.
 24973 | Orc:2    | Found Lemeuth's Distillery.
 24974 | Orc:2    | Found Wypnul's Assorted Antiques.
 24977 | Orc:2    | Found Asuubu's Antique Weapon Emporium.
 25096 | Orc:2    | Found a roughly hewn altar of Beogh.
 25519 | D:9      | Bought an uncursed amulet of regeneration for 450 gold pieces
 25721 | D:12     | Reached skill level 5 in Stealth
 26329 | D:13     | Reached XP level 15. HP: 130/132 MP: 18/18
 26411 | D:13     | Found a gate to the Vaults.
 26859 | D:13     | Found Fagha's Armour Boutique.
 26924 | D:13     | Found Peppul's Gadget Boutique.
 26965 | D:13     | Found Moduqohu's Food Emporium.
 27234 | D:14     | Got a twisted leather armour
 27245 | D:14     | Identified the +3 leather armour of the Four Dances {Dex+6} (You found it on level 14 of the Dungeon)
 28172 | D:14     | Reached skill level 10 in Evocations
 28229 | D:15     | Entered Level 15 of the Dungeon
 28383 | D:15     | Found a bloodstained altar of Trog.
 29264 | D:15     | Found a bloodstained altar of Trog.
 29294 | D:15     | Found Orreack's Elemental Accessories.
 29573 | D:15     | Found a staircase to the Depths.
 29956 | Snake:1  | Entered Level 1 of the Snake Pit
 30121 | Snake:1  | Reached XP level 16. HP: 141/141 MP: 23/23
 30676 | Snake:1  | Identified the Grimoire of Cold and the Traveller
 31217 | Snake:2  | Noticed Aizul
 31258 | Snake:1  | Killed Aizul
 31739 | Snake:2  | Reached skill level 10 in Dodging
 32221 | Snake:2  | Noticed Vashnia
 33318 | Snake:4  | Entered Level 4 of the Snake Pit
 34268 | Snake:4  | Reached XP level 17. HP: 124/154 MP: 24/24
 34277 | Snake:4  | Reached skill level 15 in Fighting
 35929 | Snake:4  | HP: 6/161 [naga sharpshooter/bolt (21)]
 36473 | Snake:4  | Got a serpentine rune of Zot
 36905 | Swamp:1  | Entered Level 1 of the Swamp
 37165 | Swamp:1  | Noticed Frances
 37587 | Swamp:1  | Killed Frances
 37835 | Swamp:2  | Reached XP level 18. HP: 157/170 MP: 25/25
 37944 | Swamp:2  | Noticed Nikola
 39278 | Swamp:4  | Entered Level 4 of the Swamp
 39959 | Swamp:4  | Got a decaying rune of Zot
 40468 | Elf:1    | Entered Level 1 of the Elven Halls
 41089 | Elf:1    | Reached skill level 19 in Fighting
 41332 | Elf:1    | Noticed Azrael
 41354 | Elf:1    | Killed Azrael
 41988 | Elf:2    | Found a runed gate.
 41988 | Elf:2    | Found a runed gate.
 41990 | Elf:2    | Found a runed gate.
 42356 | Elf:2    | Reached XP level 19. HP: 138/182 MP: 26/26
 43077 | Elf:3    | Entered Level 3 of the Elven Halls
 43406 | Elf:3    | Found Xajeyjosy's Distillery.
 43414 | Elf:3    | Bought a potion of heal wounds for 100 gold pieces
 43429 | Elf:3    | Found Amaori's Antique Weapon Shop.
 43759 | Elf:3    | Found Geik's Jewellery Shoppe.
 43790 | Elf:3    | Found Cani's Armour Emporium.
 43923 | Elf:3    | Found Relophi's Magic Scroll Boutique.
 44059 | Elf:3    | Reached skill level 15 in Dodging
 45274 | Vaults:1 | Entered Level 1 of the Vaults
 46504 | Vaults:1 | Reached XP level 20. HP: 163/191 MP: 18/27
 47002 | Vaults:2 | Reached skill level 1 in Armour
 47546 | Vaults:2 | Reached skill level 5 in Armour
 48517 | Vaults:3 | Reached skill level 10 in Armour
 48812 | Vaults:3 | Noticed Boris
 48813 | Vaults:3 | Upgraded the game from 0.18-a0-846-g91b95b1 to 0.18-a0-888-gdb73dea
 49040 | Vaults:3 | Found a staircase to the Crypt.
 49555 | Vaults:4 | Noticed Xtahua
 49578 | Vaults:4 | Killed Xtahua
 49790 | Vaults:4 | Killed Boris
 49931 | Vaults:4 | Reached XP level 21. HP: 160/198 MP: 28/28
 49961 | Vaults:4 | Noticed Sojobo
 49963 | Vaults:4 | Upgraded the game from 0.18-a0-888-gdb73dea to 0.18-a0-912-g81d1dc4
 50695 | Vaults:4 | Killed Sojobo
 51066 | Vaults:4 | Noticed Margery
 51086 | Vaults:4 | Killed Margery
 51302 | Crypt:1  | Entered Level 1 of the Crypt
 52163 | Depths:1 | Entered Level 1 of the Depths
 52307 | D:15     | Reached skill level 20 in Fighting
 52719 | Depths:1 | Noticed Mara
 52723 | Depths:1 | Noticed Yakui's illusion
 52738 | Depths:1 | Killed Mara
 52832 | Depths:1 | Noticed Wiglaf
 52841 | Depths:1 | Noticed Rupert
 52868 | Depths:1 | Killed Rupert
 52909 | Depths:1 | Killed Wiglaf
 52997 | Depths:1 | Noticed Frederick
 53088 | Depths:1 | Found a gateway to Hell.
 53168 | Depths:1 | Found a gateway to a ziggurat.
 53424 | Depths:1 | Upgraded the game from 0.18-a0-912-g81d1dc4 to 0.18-a0-917-g8a3da5b
 53785 | Depths:1 | Got an ancient leather armour
 53786 | Depths:1 | Identified the +3 leather armour "Xemn" {Slay+2} (You took it off a tengu warrior on level 1 of the Depths)
 54264 | Depths:2 | Reached XP level 22. HP: 204/208 MP: 29/29
 54289 | Depths:2 | Noticed an iron giant
 54739 | Depths:1 | Killed Frederick
 56451 | Depths:1 | Upgraded the game from 0.18-a0-917-g8a3da5b to 0.18-a0-952-g309898a
 56825 | Depths:3 | Reached skill level 15 in Armour
 56977 | Depths:3 | Noticed Norris
 56978 | Depths:3 | Noticed Saint Roka
 57906 | Depths:3 | Killed Saint Roka
 58065 | Depths:3 | Killed Norris
 58179 | Depths:3 | Found a one-way gate leading to the halls of Pandemonium.
 58427 | Depths:4 | Found Vaenud's Armour Boutique.
 58785 | Depths:4 | Reached XP level 23. HP: 216/216 MP: 30/30
 59032 | Depths:4 | Noticed a greater mummy
 59255 | Depths:3 | Upgraded the game from 0.18-a0-952-g309898a to 0.18-a0-1562-gac8da35
 59267 | Depths:3 | Killed a greater mummy
 59587 | Depths:4 | Found a one-way gate to the infinite horrors of the Abyss.
 60023 | Depths:5 | Entered Level 5 of the Depths
 60082 | Depths:5 | Noticed Boris
 60098 | Depths:5 | Killed Boris
 62718 | Depths:5 | Found a gate to the Realm of Zot.
 63670 | Vaults:5 | Entered Level 5 of the Vaults
 63833 | Vaults:4 | Reached XP level 24. HP: 175/215 MP: 30/30
 64121 | Vaults:5 | Noticed an ancient lich
 64227 | Vaults:4 | Killed an ancient lich
 64485 | Vaults:5 | Noticed an ancient lich
 64498 | Vaults:5 | Killed an ancient lich
 64684 | Vaults:5 | Noticed an ancient lich
 64720 | Vaults:5 | Killed an ancient lich
 64720 | Vaults:5 | Reached skill level 21 in Fighting
 64789 | Vaults:5 | Noticed an ancient lich
 64837 | Vaults:5 | Killed an ancient lich
 65067 | Vaults:5 | Noticed an ancient lich
 65306 | Vaults:5 | Killed an ancient lich
 65306 | Vaults:5 | Reached skill level 22 in Fighting
 65863 | Vaults:5 | Got a silver rune of Zot
 66214 | Vaults:5 | Got a faintly glowing plate armour
 66225 | Vaults:5 | Identified the +9 plate armour "Ivaerir" {rCorr Stlth+} (You took it off a vault warden on level 5 of the Vaults)
 66468 | Vaults:5 | Reached skill level 23 in Fighting
 67419 | Slime:1  | Entered Level 1 of the Pits of Slime
 67419 | Slime:1  | Noticed Donald
 67434 | Slime:1  | Killed Donald
 67488 | Slime:1  | Reached XP level 25. HP: 233/233 MP: 30/30
 68480 | Slime:2  | Reached skill level 24 in Fighting
 68517 | Slime:2  | Gained mutation: You are dopey. (Int -2) [a shining eye]
 68528 | Slime:2  | Gained mutation: You expend magic power (3 MP) to strengthen your wands. [a shining eye]
 70013 | Crypt:2  | Noticed Jorgrun
 70248 | Crypt:2  | Killed Jorgrun
 70248 | Crypt:2  | Reached skill level 25 in Fighting
 70764 | Crypt:3  | Entered Level 3 of the Crypt
 71166 | Crypt:3  | Found a staircase to the Tomb.
 71742 | Crypt:3  | Reached skill level 26 in Fighting
 71808 | Crypt:3  | Got a shimmering turquoise ring
 71871 | Crypt:3  | Identified the ring "Saivasurgh" {rPois MP+9 Str+3} (You took it off a guardian mummy on level 3 of the Crypt)
 72001 | Crypt:3  | Found an ancient bone altar of Kikubaaqudgha.
 72035 | Crypt:3  | Got a crude lead ring
 72065 | Crypt:3  | Noticed an ancient lich
 72093 | Crypt:3  | Killed an ancient lich
 72093 | Crypt:3  | Reached XP level 26. HP: 251/253 MP: 30/30
 72130 | Crypt:3  | Got a heavily runed silver ring
 72431 | Crypt:3  | Got a vibrating amber ring
 72432 | Crypt:3  | Identified the ring of Rixkyox {rElec rN+} (You took it off an ancient champion on level 3 of the Crypt)
 72434 | Crypt:3  | Identified the ring of Xuoj {rN+ Dex+4} (You took it off a skeletal warrior on level 3 of the Crypt)
 72435 | Crypt:3  | Identified the ring "Vidic" {rC+ rN+} (You found it on level 3 of the Crypt)
 72626 | Crypt:3  | Reached skill level 27 in Fighting
 73227 | Zot:1    | Entered Level 1 of the Realm of Zot
 74536 | Zot:2    | Got a pair of crude gloves
 74542 | Zot:2    | Identified the +0 pair of gloves of the Doge {*Contam rPois MR++ Str+3} (You acquired it on level 2 of the Realm of Zot)
 74543 | Zot:2    | Got a pair of smoking gloves
 74552 | Zot:2    | Gained mutation: You tend to lose your temper in combat. [mutagenic glow]
 74554 | Zot:2    | Identified the +0 pair of gloves "Ubratwix" {rElec rF++ Int-2 Slay+5} (You acquired it on level 2 of the Realm of Zot)
 74604 | Zot:2    | Gained mutation: You often lose your temper in combat. [mutagenic glow]
 75669 | Elf:3    | Bought a potion of cure mutation for 500 gold pieces
 76254 | Zot:3    | Reached XP level 27. HP: 262/262 MP: 30/30
 76975 | Zot:3    | Noticed an ancient lich
 76981 | Zot:3    | Killed an ancient lich
 77125 | Zot:3    | Noticed an orb of fire
 77150 | Zot:3    | Killed an orb of fire
 78232 | Zot:5    | Entered Level 5 of the Realm of Zot
 78323 | Zot:5    | Got a pair of twisted boots
 78334 | Zot:5    | Identified the +0 pair of boots "Hiseo" {*Corrode Dex+5 Slay+2} (You found it on level 5 of the Realm of Zot)
 78385 | Zot:5    | Noticed Ratboiler's ghost (veteran FeWn)
 78420 | Zot:5    | Killed Ratboiler's ghost
 78499 | Zot:5    | Noticed an ancient lich
 78530 | Zot:5    | Killed an ancient lich
 79179 | Zot:5    | Noticed an orb of fire
 79179 | Zot:5    | Gained mutation: Armour fits poorly on your strangely shaped body. [an orb of fire]
 79196 | Zot:5    | Killed an orb of fire
 79445 | Zot:5    | Noticed an ancient lich
 79455 | Zot:5    | Killed an ancient lich
 79481 | Zot:5    | Noticed an ancient lich
 79492 | Zot:5    | Killed an ancient lich
 79502 | Zot:5    | Noticed an orb of fire
 79564 | Zot:4    | Killed an orb of fire
 79650 | Zot:5    | Noticed an orb of fire
 79673 | Zot:5    | Killed an orb of fire
 79759 | Zot:5    | Noticed an ancient lich
 79772 | Zot:5    | Killed an ancient lich
 80136 | Zot:5    | Got the Orb of Zot
 80181 | Zot:5    | Noticed Yschohido the pandemonium lord
 80364 | Depths:5 | Noticed Neduk the pandemonium lord
 80838 | D:2      | Noticed Mafoseaf the pandemonium lord
 80878 | D:1      | Lost mutation: You expend magic power (3 MP) to strengthen your wands. [potion of cure mutation]
 80878 | D:1      | Lost mutation: You are dopey. (Int -2) [potion of cure mutation]
 80878 | D:1      | Lost mutation: You are highly resistant to hostile enchantments. [potion of cure mutation]
 80878 | D:1      | Lost mutation: You often lose your temper in combat. [potion of cure mutation]
 80878 | D:1      | Lost mutation: Armour fits poorly on your strangely shaped body. [potion of cure mutation]
 80927 | D:$      | Escaped with the Orb!

Vault maps used:
D:1:      dpeg_arrival_shelter, minmay_misc_feat_secret_circle
D:2:      minmay_kobold_bridge, nicolae_ru_awakened_eye, ecumenical_altar_2,
          glass_columns_a
D:3:      first_bread, okawaru_metal_pillars_1_2, uniq_grinder, uniq_iyjb
D:4:      minmay_temple_entry_trees, serial_shops, kennysheep_little_box,
          grunt_pakellas_basics, uniq_pikel, uniq_duvessa, uniq_robin,
          uniq_eustachio, uniq_blork_the_orc
D:5:      grunt_temple_overflow_forces_of_nature, uniq_prince_ribbit1,
          uniq_sigmund, uniq_crazy_yiuf_cottage
D:6:      kennysheep_mini
D:7:      grunt_livestock, kennysheep_big_empty_room,
          grunt_dithmenos_smoke_and_mirrors
D:8:      amethyst_overflow_temple_binary, gammafunk_temple_overflow_wave,
          enter_ossuary_5, nemelex_xobeh_ov_fountains_minmay
D:9:      dragon1_lemuel, grunt_temple_overflow_order_and_chaos_2,
          old_standard_altar, lemuel_mausoleum_altar_yredelemnul, basic_altar,
          serial_shops, shop, nicolae_shop_window_shopping, shop, shop,
          shop_statue, uniq_maurice, uniq_grum
D:10:     orc_0_dummy, serial_shops, nicolae_shop_window_shopping
D:11:     due_lair_maze_entry_diamond
D:12:     hangedman_decor_lopped
D:13:     hangedman_vaults_entry_quadrant_bands, serial_shops, shop,
          nicolae_shop_statue_plus, nicolae_shop_waterfront, dk_noncrumbling_2
D:14:     hangedman_decor_push
D:15:     grunt_enter_depths_hoard, lemuel_crystal_altar, basic_altar,
          nicolae_elemental_shop
Lair:1:   statuecave_lemuel, minmay_holes
Lair:2:   kennysheep_rathole, portal_ice_cave_entry_pillars_03,
          wad_woods_antlair
Lair:3:   swamp_mist_pool
Lair:5:   minmay_snake_entry_guardpost_small, small_statue_intersection
Lair:7:   serial_bayou_lake_a, lemuel_fruit_fields, lemuel_fruit_fields
Lair:8:   grunt_lair_end_beastmaster, slime_altar_1, serial_bayou,
          serial_bayou_shore_a, serial_bayou_shore_b, serial_bayou_lagoon_a,
          serial_bayou_pond_e, enter_volcano_4, kennysheep_snail_temple
Swamp:1:  evilmike_swamp_ruin_house_2, uniq_frances
Swamp:2:  hangedman_swamp_ruin_wall, swamp_pool1, infiniplex_staircase_pool,
          uniq_nikola
Swamp:3:  hangedman_swamp_lotus
Swamp:4:  swamp_alternative
Snake:1:  cheibrodos_snake_ritualist_ritual, nicolae_snake_double_loop
Snake:2:  dpeg_oklob_gauntlet, nicolae_snake_salamander_stairs,
          serial_bayou_shore_b, uniq_aizul, uniq_vashnia, uniq_kirke
Snake:3:  serial_bayou_pond_b, nicolae_snake_shapes
Snake:4:  johnstein_snake_rune_scales
Slime:1:  uniq_donald
Slime:2:  cheibrodos_slime_lost_civilization_5
Slime:3:  cheibrodos_slime_lost_civilization_4
Orc:1:    basic_altar
Orc:2:    st_orc_mages, minmay_orc_temple_a
Elf:1:    minmay_elf_arrival_circle, hangedman_corner_corridor,
          statue_in_the_mist_lemuel, uniq_azrael
Elf:3:    grunt_elf_hall_asides, serial_shops, shop, shop_statue, shop, shop,
          shop
Vaults:1: ontoclasm_vaults_shuriken, vaults_mumra_chevron_long,
          vaults_dpeg_doors, v_pattern_2, vaults_mumra_minichess_inversion,
          ontoclasm_vaults_tryst, nicolae_vaults_ring_of_whatevers, v_misc_9,
          nicolae_vaults_asterisk, nicolae_vaults_ring_of_whatevers,
          nicolae_vaults_what_the_h
Vaults:2: vaults_dpeg_diagonal, nicolae_vaults_branching_niches,
          hangedman_vaults_trim, hangedman_vaults_slither,
          vaults_standard_mumra_lines, hangedman_vaults_unwind,
          vaults_room_door_hall, ontoclasm_vaults_eye, vaults_dpeg_ring
Vaults:3: v_misc_16, nicolae_vaults_theta, nicolae_vaults_alarming,
          grunt_vaults_diagonal, v_alt_pattern_2, v_alt_pattern_3, v_misc_5,
          v_misc_16, vaults_room_door_ring, dpeg_vaults_monster_box,
          nicolae_vaults_shelves_hall, hangedman_vaults_cutoff,
          dummy_crypt_entry, uniq_boris
Vaults:4: vaults_room_pool, kb_rosetta, nicolae_vaults_sealed_display,
          nicolae_vaults_rhombus_5, nicolae_vaults_rhombus_6, vaults_mumra_lcd,
          nicolae_vaults_big_ls, hangedman_vaults_corner_blocks, v_misc_16,
          vaults_room_grid, ontoclasm_vaults_spin,
          ontoclasm_vaults_decontamination, nicolae_vaults_diagonal_hallway_7,
          uniq_xtahua, uniq_margery, uniq_sojobo
Crypt:1:  nrook_guardian_serpent_ordinary, grunt_crypt_arrival_guarded_gate
Crypt:2:  uniq_jorgrun
Crypt:3:  church_of_pain_bobbens, tomb_entry_shell_bobbens, grunt_megastairs_4
Depths:1: enter_ziggurat_f, hell_entry, sword_in_stone,
          roderic_lattice_octagonal_star, serial_bayou_shore_b, uniq_wiglaf,
          uniq_mara
Depths:2: grunt_crosshair, pf_hell_entry_tar_river,
          infiniplex_staircase_pillars_2, serial_bayou_shore_b
Depths:3: minmay_strange_plus, rand_demon_pan_entry_3, hell_entry, minivault_11,
          uniq_norris, uniq_saint_roka
Depths:4: lemuel_minitomb, hell_entry, minmay_room_of_horrors,
          serial_bayou_pond_d, kennysheep_windowed_goal
Depths:5: lemuel_castle_with_subvaults, grunt_hell_entry_demonic_statue,
          minmay_large_rounded_square, pan_entry, minmay_misc_feat_tiny,
          basic_stair_grate_trap, uniq_boris
Zot:1:    grunt_megastairs_2
Zot:3:    hangedman_player_shredder
Zot:4:    lemuel_golem_globe
Ossuary:  minmay_ossuary_two_tombs
IceCv:    ice_cave_statue_garden_02

Skill      XL: |  1  2  3  4  5  6  7  8  9 10 11 12 13 14 15 16 17 18 19 20 21 22 23 24 25 26 27 |
---------------+----------------------------------------------------------------------------------+-----
Axes           | 4 5 8 9 10 11 13 14 13 15 17 18 22 25 | 25.4
Fighting       | 5 10 15 19 20 23 26 27 | 27.0
Dodging        | 5 10 15 19 20 21 24 | 24.4
Shields        | 5 10 15 | 16.0
Evocations     | 1 5 10 | 11.0
Throwing       | 1 |  1.7
Stealth        | 5 |  8.0
Armour         | 10 15 19 20 | 20.0

Action                   |  1- 3 |  4- 6 |  7- 9 | 10-12 | 13-15 | 16-18 | 19-21 | 22-24 | 25-27 || total
-------------------------+-------+-------+-------+-------+-------+-------+-------+-------+-------++-------
Melee: War axe           |    78 |    60 |   313 |   822 |  1366 |  1577 |  1809 |  2089 |       ||  8114
       Broad axe         |       |       |       |    10 |    45 |   143 |       |   157 |  2730 ||  3085
Invok: Sacrifice Resista |       |       |     1 |       |       |       |       |       |       ||     1
       Sacrifice Arcana  |       |       |     1 |       |       |       |       |       |       ||     1
       Sacrifice Love    |       |       |       |     1 |       |       |       |       |       ||     1
       Sacrifice Skill   |       |       |       |     1 |       |       |       |       |       ||     1
       Apocalypse        |       |       |       |       |       |       |       |     1 |       ||     1
 Abil: Evoke Blink       |       |       |       |       |       |     1 |     2 |     1 |     1 ||     5
       Evoke Flight      |       |       |       |       |       |    20 |       |       |       ||    20
       Evoke Invisibilit |       |       |       |       |       |     2 |     3 |       |       ||     5
Evoke: Deck              |       |       |       |       |       |       |     1 |       |       ||     1
       Wand              |       |       |       |       |       |       |       |       |     1 ||     1
  Use: Potion            |       |     3 |       |     4 |       |     2 |     1 |       |     3 ||    13
       Scroll            |       |    11 |       |    24 |     2 |     6 |     4 |    14 |    20 ||    81
 Stab: Sleeping          |       |       |     3 |       |    10 |     9 |    21 |       |       ||    43
       Invisible         |       |       |     1 |    10 |    17 |    31 |    18 |    27 |    25 ||   129
       Distracted        |       |       |       |     3 |     5 |    10 |    17 |    21 |    15 ||    71
       Paralysed         |       |       |       |     9 |    15 |    16 |     4 |     6 |     7 ||    57
       Confused          |       |       |       |       |       |       |     5 |     1 |       ||     6
       Petrifying        |       |       |       |       |       |       |       |     1 |       ||     1
  Eat: Beef jerky        |     1 |       |       |       |       |       |       |     5 |    13 ||    19
       Chunk             |       |     4 |    10 |    21 |    28 |    23 |    32 |    16 |    34 ||   168
       Pizza             |       |       |     1 |       |       |    10 |     3 |     1 |     1 ||    16
       Meat ration       |       |       |     1 |     2 |     2 |       |       |     2 |       ||     7
       Royal jelly       |       |       |       |     2 |     1 |       |       |       |     1 ||     4
       Fruit             |       |       |       |       |     1 |     7 |     3 |       |     4 ||    15
       Bread ration      |       |       |       |       |       |       |       |     2 |       ||     2
